 Dungeon Crawl Stone Soup version 0.27-a0-366-g8badd94918 (webtiles) character file.

Game seed: 3739588703836854523

409698 sahdkjhfkaj the Slayer (level 22, -38/232 HPs)
             Began as a Deep Dwarf Fighter on Feb 15, 2021.
             Was the Champion of Makhleb.
             Killed from afar by an ancient lich (55 damage)
             ... with a crystal spear
             ... on level 4 of the Vaults on Feb 16, 2021.
             The game lasted 01:41:37 (37284 turns).

sahdkjhfkaj the Slayer (Deep Dwarf Fighter)        Turns: 37284, Time: 01:41:38

Health: -38/232    AC: 30    Str: 28    XL:     22   Next: 72%
Magic:  5/5 (14)   EV: 14    Int: 11    God:    Makhleb [******]
Gold:   4059       SH: 29    Dex: 12    Spells: 21/21 levels left

rFire    + . .     SeeInvis .   a - +9 broad axe (vorpal)
rCold    . . .     Faith    .   t - +7 tower shield "Seihi" {Rampage rCorr MP-9}
rNeg     + + .     Spirit   .   Y - +4 plate armour {rPois}
rPois    +         Reflect  .   h - +0 helmet
rElec    +         Harm     .   T - +2 cloak {Will+}
rCorr    +         Rampage  +   A - +2 pair of gloves
Will     +++++                  (no boots)
Stlth    ..........             C - amulet of magic regeneration
HPRegen  0.00/turn              Z - ring of protection from cold
MPRegen  0.34/turn              U - ring of Suspicion {Fire +Fly rElec rN+ Will+}

@: non-regenerating
A: damage resistance, heal wounds, low mp 1, negative energy resistance 1, sense
surroundings 3, no regeneration
}: 1/15 runes: serpentine
a: Heal Wounds, Renounce Religion, Evoke Flight, Minor Destruction, Lesser
Servant of Makhleb, Major Destruction, Greater Servant of Makhleb


You were on level 4 of the Vaults.
You worshipped Makhleb.
Makhleb was exalted by your worship.
You visited 7 branches of the dungeon, and saw 37 of its levels.
You also visited: Bailey, Gauntlet and Ice Cave.

You collected 4213 gold pieces.
You spent 154 gold pieces at shops.

Inventory:

Hand Weapons
 a - a +9 vorpal broad axe (weapon)
Armour
 h - a +0 helmet (worn)
 t - the +7 tower shield "Seihi" (worn) {Rampage rCorr MP-9}
   (You acquired it on level 1 of the Snake Pit)

   It affects your magic capacity (-9).
   It provides partial protection from all sources of acid and corrosion.
   It bestows one free step when moving towards enemies.
 A - a +2 pair of gloves (worn)
 T - a +2 cloak of willpower (worn)
 Y - a +4 plate armour of poison resistance (worn)
Jewellery
 s - a +4 ring of protection
 C - an amulet of magic regeneration (around neck)
 F - a ring of see invisible
 G - a ring of willpower
 N - a ring of protection from fire
 Q - a +6 ring of strength
 U - the ring of Suspicion (right hand) {Fire +Fly rElec rN+ Will+}
   (You found it on level 3 of the Depths)

   [ring of fire]

   It enhances your fire magic.
   It protects you from fire.
   It makes you vulnerable to cold.
   It insulates you from electricity.
   It protects you from negative energy.
   It affects your willpower, your defense against some magical effects.
   It lets you fly.
 Z - a ring of protection from cold (left hand)
Wands
 k - a wand of iceblast (33)
 o - a wand of charming (20)
 D - a wand of mindburst (25)
 E - a wand of paralysis (29)
 H - a wand of random effects (24)
 L - a wand of polymorph (12)
 M - a wand of flame (40)
 P - a wand of acid (18)
 R - a wand of digging (10)
Scrolls
 b - a scroll of amnesia {!r}
 c - 6 scrolls of magic mapping {!r}
 f - 2 scrolls of vulnerability {!r}
 g - 11 scrolls of teleportation {!r}
 i - 2 scrolls of fog {!r}
 p - 5 scrolls of fear {!r}
 q - 3 scrolls of enchant armour {!r}
 u - 5 scrolls of immolation {!r}
 v - 4 scrolls of blinking {!r}
 w - a scroll of brand weapon {!r}
 y - 3 scrolls of holy word {!r}
 B - 2 scrolls of summoning {!r}
 S - 5 scrolls of identify {!r}
 X - a scroll of enchant weapon {!r}
Potions
 d - 6 potions of lignification {!q}
 e - 10 potions of heal wounds {!q}
 j - 4 potions of ambrosia {!q}
 l - 8 potions of brilliance {!q}
 m - a potion of attraction {!q}
 n - 6 potions of haste {!q}
 r - 6 potions of flight {!q}
 x - 3 potions of resistance {!q}
 z - 5 potions of mutation {!q}
 J - 2 potions of invisibility {!q}
 K - 8 potions of curing {!q}
 O - 2 potions of cancellation {!q}
 V - 3 potions of magic {!q}
 W - a potion of might {!q}
Miscellaneous
 I - a phantom mirror


   Skills:
 + Level 21.4 Fighting
 - Level 18.0 Axes
 - Level 1.1(11.3) Maces & Flails
 - Level 16.0 Armour
 - Level 17.0 Dodging
 - Level 16.0 Shields
 - Level 6.0 Invocations
 - Level 17.0 Evocations


You had 21 spell levels left.
You didn't know any spells.
Your spell library contained the following spells:

 Spells                   Type           Power        Failure   Level
 Magic Dart               Conj           0%           100%        1
 Summon Small Mammal      Summ           0%           100%        1
 Blink                    Tloc           N/A          100%        2
 Call Imp                 Summ           0%           100%        2
 Passwall                 Tmut/Erth      0%           100%        2
 Searing Ray              Conj           0%           100%        2
 Slow                     Hex            0%           100%        2
 Swiftness                Air            0%           100%        2
 Call Canine Familiar     Summ           0%           100%        3
 Conjure Flame            Conj/Fire      0%           100%        3
 Dazzling Flash           Conj/Hex       0%           100%        3
 Ignite Poison            Fire/Tmut/Pois 0%           100%        3
 Mephitic Cloud           Conj/Pois/Air  0%           100%        3
 Summon Guardian Golem    Hex/Summ       0%           100%        3
 Animate Armour           Summ/Erth      0%           100%        4
 Fulminant Prism          Conj/Hex       0%           100%        4
 Iskenderun's Mystic Bla  Conj/Tloc      0%           100%        4
 Leda's Liquefaction      Hex/Erth       0%           100%        4
 Passage of Golubria      Tloc           N/A          100%        4
 Summon Ice Beast         Ice/Summ       0%           100%        4
 Summon Lightning Spire   Summ/Air       0%           100%        4
 Bolt of Magma            Conj/Fire/Erth 0%           100%        5
 Lee's Rapid Deconstruct  Erth           0%           100%        5
 Invisibility             Hex            0%           100%        6
 Iron Shot                Conj/Erth      0%           100%        6
 Statue Form              Tmut/Erth      0%           100%        6
 Malign Gateway           Summ/Tloc      0%           100%        7
 Disjunction              Tloc           0%           100%        8
 Shatter                  Erth           0%           100%        9


Dungeon Overview and Level Annotations

Branches:
Dungeon (15/15)            Temple (1/1) D:6            Lair (6/6) D:11
  Swamp (0/4) Lair:2        Snake (4/4) Lair:3        Slime (0/5) Lair:6
    Orc (2/2) D:10            Elf (0/3) Orc:2        Vaults (5/5) D:13
  Crypt (0/3) Vaults:3     Depths (4/5) D:15         Bailey (visited)
  IceCv (visited)         Gauntlet (visited)

Altars:
Ashenzari
Cheibriados
Dithmenos
Elyvilon
Fedhas
Gozag
Hepliaklqana
Kikubaaqudgha
Makhleb
Nemelex Xobeh
Okawaru
Qazlal
Ru
Sif Muna
Uskayaw
Xom
Yredelemnul
Zin
Beogh

Shops:
D:4 [   D:8 [   Orc:1 [   Orc:2 ?(*[   Snake:3 *   Vaults:1 [   Vaults:2 [
Vaults:3 !   Depths:1 =[   Depths:3 =::

Portals:
Hell: Depths:1 Depths:2 Depths:3 Depths:4
Abyss: Depths:1 Depths:2 Depths:4
Pandemonium: Depths:3
Trove: D:10 (give +7 demon blade)

Annotations:
Vaults:5 Mara
Depths:1 3 runed translucent doors, Xoleat's ghost, adept NaFi
Abyss:1 FromAuschwitzToAshes's ghost, journeyman DgWn; Harukh's ghost, adept FoAK; Jory; gregwegmann's ghost, journeyman DrCj


Innate Abilities, Weirdness & Mutations

You are resistant to damage.
You can heal yourself by infusing magical energy.
You resist negative energy. (rN+)
You passively map a large area around you.
You do not regenerate.
Your magical capacity is low. (-10% MP)


Message History

Deactivating autopickup; reactivate with Ctrl-A.
The ancient lich mumbles some strange words.
The ancient lich seems to speed up.
You climb upwards.
Reactivating autopickup.
There is a stone staircase leading down, spattered with blood here.
Unknown command.
Unknown command.
Unknown command.
You slash the ancient lich!
The ancient lich is lightly damaged.
You slice the ogre!!
You kill the ogre!
Makhleb accepts your kill.
You feel better.
You slice the two-headed ogre!!
You kill the two-headed ogre!
Makhleb accepts your kill.
You feel better.
Your plate armour prevents you from hitting the two-headed ogre.
You block the ancient lich's attack.
The two-headed ogre hits you but does no damage.
You block the two-headed ogre's attack.
You slice the ancient lich like a ripe choko!!!
The ancient lich is severely damaged.
You slice the two-headed ogre!!
You kill the two-headed ogre!
Makhleb accepts your kill.
You feel better. You block the ancient lich's attack.
Unknown command.
You closely miss the ancient lich.
The ancient lich is severely damaged.
The ancient lich gestures at you while chanting.
The crystal spear hits you!!!!
* * * LOW HITPOINT WARNING * * *
You block the ancient lich's attack.
You slice the ancient lich!!
The ancient lich is almost destroyed.
The ancient lich casts a spell at you. The crystal spear hits you!!!
You die...

#.....^......# #..####'
#............# #...#.()
#......).....# #....#..
#............# #######.
#............###########'
#............##..........
########''#####'####.....)....
#......#....)L)....'....))....
#......#.....@)....#..........
#......#......)....#..........
#......#...........'.....#####
#......#...........#.....# ###
#...)..'...........#.....# #..
####################.....# #..
#.....# #.. #.....# #..
#.....# #..


You could see an ancient lich (fast).

Vanquished Creatures
  Mennas (Vaults:2)
  An ancient lich (Vaults:5)
  A juggernaut (Depths:4)
  Sojobo (Depths:3)
  Xtahua (Vaults:2)
  2 golden dragons
  7 tentacled monstrosities
  An Ice Fiend (IceCv)
  5 liches
  A quicksilver dragon (Depths:4)
  A titan (Depths:4)
  2 sphinxes
  A shadow dragon (Depths:4)
  A storm dragon (Depths:4)
  5 nagarajas
  5 tengu reavers
  8 frost giants
  4 fire giants
  2 iron dragons
  An orc warlord (Orc:1)
  2 deep elf sorcerers (Depths:4)
  13 vault wardens
  11 ironheart preservers
  14 stone giants
  16 very ugly things
  2 vampire knights (Depths:1)
  A dire elephant (shapeshifter) (Vaults:4)
  An entropy weaver (shapeshifter) (Depths:4)
  3 spark wasps (Depths:4)
  2 deep elf annihilators (Depths:4)
  A minotaur (Gauntlet)
  A deep elf death mage (Depths:4)
  An eidolon (Vaults:3)
  An ettin (Vaults:4)
  Snorg (D:11)
  Josephine (Lair:4)
  2 fire dragons
  6 yaktaur captains
  7 great orbs of eyes
  A deep elf high priest (Vaults:5)
  35 vault guards
  8 hydras
  4 boulder beetles
  4 rakshasas
  Fannar (Orc:1)
  Erolcha (D:9)
  9 ice dragons
  11 naga warriors
  A spriggan air mage (Depths:2)
  8 ogre magi
  2 catoblepae (Lair:6)
  3 death knights
  11 anacondas
  Erica (D:8)
  4 centaur warriors
  8 deep troll shamans
  2 vampire magi
  A death scarab (Gauntlet)
  2 hell hogs (Depths:1)
  12 death yaks
  34 two-headed ogres
  6 deep troll earth magi
  10 tengu warriors
  10 shock serpents
  Urug (D:11)
  4 spriggan berserkers
  12 naga sharpshooters
  2 hell knights
  4 deep elf knights
  5 shadow wraiths
  3 salamander mystics
  2 skeletal warriors
  A death drake (shapeshifter) (Vaults:2)
  An iron troll (Depths:4)
  An unseen horror (shapeshifter) (D:14)
  A swamp dragon (shapeshifter) (D:14)
  17 deep trolls
  A spriggan druid (Depths:4)
  3 sea snakes (Snake:1)
  3 glowing orange brains
  3 unseen horrors
  2 bog bodies (Lair:2)
  3 flayed ghosts
  14 ironbrand convokers
  12 orc knights
  9 naga ritualists
  A phantasmal warrior (Vaults:3)
  A necromancer (Depths:2)
  2 lindwurms
  6 wizards
  3 wolf spiders
  4 deep elf archers
  A wolf spider zombie (D:15)
  An orb spider (shapeshifter) (Depths:3)
  9 deep elf pyromancers
  A sphinx skeleton (Depths:2)
  2 deep elf zephyrmancers (Vaults:3)
  3 harpies (Vaults:4)
  9 orc sorcerers
  15 salamanders
  5 mana vipers
  A wolf spider (shapeshifter) (Depths:4)
  A frost giant zombie (Depths:2)
  5 cyclopes
  3 oklob plants
  2 black mambas (shapeshifter)
  17 ugly things
  3 centaur zombies
  A faun (shapeshifter) (Vaults:5)
  10 elephants
  4 ice statues
  2 torpor snails
  12 vault sentinels
  4 centaur skeletons
  5 eyes of devastation (Depths:1)
  40 black mambas
  4 guardian serpents
  13 cane toads
  Maurice (Orc:2)
  29 naga magi
  2 gargoyles
  4 rime drakes
  Maggie (D:9)
  A kobold demonologist (D:13)
  20 komodo dragons
  42 yaktaurs
  A hellion (Depths:3)
  4 freezing wraiths
  A yaktaur (shapeshifter) (Vaults:2)
  3 golden dragon simulacra (IceCv)
  8 tengu conjurers
  2 anaconda simulacra (IceCv)
  9 ice devils (IceCv)
  A meliai (shapeshifter) (Vaults:2)
  8 polar bears
  10 trolls
  5 hornets
  13 blink frogs
  A blink frog (shapeshifter) (Depths:2)
  A raiju (shapeshifter) (Vaults:4)
  A meliai zombie (D:11)
  23 slime creatures
  A stone giant simulacrum (Vaults:1)
  2 shadows (Gauntlet)
  A snapping turtle (shapeshifter) (Depths:4)
  3 spriggans
  A spriggan (shapeshifter) (Depths:3)
  67 yaks
  7 water elementals
  9 wyverns
  3 golden eyes (Depths:1)
  9 wraiths
  2 basilisks (shapeshifter)
  A golden eye (shapeshifter) (Vaults:1)
  11 vampire mosquitoes
  2 fire elementals
  3 basilisks
  2 harpy simulacra (IceCv)
  Menkaure (D:4)
  9 wargs
  A swamp worm (shapeshifter) (Vaults:3)
  4 acid dragons
  47 nagas
  3 floating eyes
  11 hell hounds
  2 hydra simulacra (IceCv)
  19 water moccasins
  A soldier ant (shapeshifter) (Vaults:2)
  A floating eye (shapeshifter) (D:14)
  A spectral torpor snail (Gauntlet)
  Purgy (D:3)
  A black bear (shapeshifter) (D:14)
  33 orc warriors
  6 sky beasts
  A hornet zombie (D:12)
  An eye of draining (Depths:1)
  7 ice beasts
  An ettin simulacrum (IceCv)
  22 ogres
  6 black bears
  2 necrophages (D:7)
  10 boggarts
  6 centaurs
  8 wolves
  5 phantoms
  A kobold brigand (D:10)
  26 bullfrogs
  A gnoll sergeant (D:7)
  A wyvern skeleton (D:12)
  4 scorpions
  6 killer bees (D:10)
  2 human simulacra
  12 wights
  6 howler monkeys
  A crimson imp (Depths:3)
  6 bullfrog zombies
  5 jellies
  2 quasits
  13 orc priests
  4 hounds
  7 bullfrog skeletons
  4 iguanas
  51 orc wizards
  13 worker ants
  7 hell rats (Lair:3)
  2 hound skeletons
  2 worker ant zombies
  A howler monkey zombie (D:8)
  A howler monkey skeleton (D:10)
  4 gnolls (D:7)
  13 adders
  A river rat (Lair:3)
  6 white imps
  2 ufetubi
  An ooze (D:5)
  An adder skeleton (D:6)
  An adder zombie (D:7)
  5 worms
  3 dart slugs
  7 leopard geckos
  122 orcs
  A ball python (D:4)
  6 bats
  3 giant cockroaches
  11 goblins
  12 hobgoblins
  10 jackals
  8 quokkas
  8 frilled lizards
  A giant cockroach zombie (D:5)
  A jackal skeleton (D:4)
  10 kobolds
  A leopard gecko skeleton (D:5)
  A leopard gecko zombie (D:7)
  14 rats
1576 creatures vanquished.

Vanquished Creatures (others)
  A deep elf annihilator (Vaults:2)
  An ice dragon (D:15)
  A two-headed ogre (D:11)
  A troll (D:11)
  A basilisk (D:11)
  A yak (D:11)
  2 orc warriors
  A scorpion (D:11)
  A killer bee (D:11)
  A wight (D:11)
  A crimson imp (Depths:3)
  A bullfrog skeleton (D:11)
  15 demonic plants (Gauntlet)
  23 fungi
  31 plants
  12 withered plants (Gauntlet)
94 creatures vanquished.

Grand Total: 1670 creatures vanquished

Notes
Turn   | Place    | Note
-------+----------+-------------------------------------------
     0 | D:1      | sahdkjhfkaj the Deep Dwarf Fighter began the quest for the
                  | Orb.
     0 | D:1      | Reached XP level 1. HP: 20/20 MP: 1/1
   284 | D:1      | Reached XP level 2. HP: 27/27 MP: 2/2
   426 | D:1      | Reached skill level 3 in Fighting
  1015 | D:2      | Found a blossoming altar of Fedhas.
  1022 | D:2      | Found a stormy altar of Qazlal.
  1040 | D:2      | Reached XP level 3. HP: 33/34 MP: 3/3
  1321 | D:2      | Reached XP level 4. HP: 35/42 MP: 4/4
  1478 | D:2      | Reached skill level 5 in Axes
  2105 | D:3      | Found an opulent altar of Gozag.
  2274 | D:3      | Found a sparkling altar of Nemelex Xobeh.
  2412 | D:3      | Reached XP level 5. HP: 40/49 MP: 4/4
  2633 | D:3      | Noticed Purgy
  2682 | D:3      | Killed Purgy
  2683 | D:3      | Reached skill level 4 in Fighting
  2955 | D:4      | Reached XP level 6. HP: 51/57 MP: 5/5
  3061 | D:4      | Noticed Menkaure
  3072 | D:4      | Killed Menkaure
  3239 | D:4      | Found Ruucua's Armour Shoppe.
  3482 | D:4      | Reached XP level 7. HP: 54/64 MP: 6/6
  3600 | D:5      | Entered Level 5 of the Dungeon
  4086 | D:5      | Found a basalt altar of Yredelemnul.
  4140 | D:5      | Reached skill level 5 in Fighting
  4604 | D:6      | Reached XP level 8. HP: 74/74 MP: 6/6
  4638 | D:6      | Found a staircase to the Ecumenical Temple.
  4653 | Temple   | Entered the Ecumenical Temple
  4658 | Temple   | Reached skill level 10 in Axes
  4759 | Temple   | Became a worshipper of Makhleb the Destroyer
  4918 | D:6      | Reached skill level 6 in Fighting
  5022 | D:6      | Reached skill level 1 in Dodging
  5222 | D:6      | Reached * piety under Makhleb
  5351 | D:6      | Reached skill level 5 in Armour
  5521 | D:7      | Gained mutation: You passively map the area around you.
                  | [Deep Dwarf growth]
  5521 | D:7      | Reached XP level 9. HP: 71/82 MP: 6/6
  5604 | D:7      | Found a hazy altar of Hepliaklqana.
  5609 | D:7      | Found a broken altar of Ashenzari.
  5612 | D:7      | Found a sacrificial altar of Ru.
  5615 | D:7      | Found an iron altar of Okawaru.
  5763 | D:7      | Reached skill level 5 in Shields
  5817 | D:7      | Reached skill level 1 in Evocations
  6379 | D:8      | Noticed Erica
  6390 | D:8      | Killed Erica
  6391 | D:8      | Reached skill level 7 in Fighting
  6479 | D:8      | Found Gisivudd's Armour Boutique.
  6499 | D:8      | Reached XP level 10. HP: 76/96 MP: 7/7
  6502 | D:8      | Reached skill level 8 in Fighting
  6513 | D:8      | Reached ** piety under Makhleb
  7144 | D:9      | Reached skill level 5 in Dodging
  7229 | D:9      | Noticed a two-headed ogre
  7246 | D:9      | Killed a two-headed ogre
  7266 | D:9      | Reached skill level 5 in Evocations
  7282 | D:9      | Noticed Maggie
  7475 | D:9      | Reached skill level 5 in Invocations
  7536 | D:9      | Noticed a tengu warrior
  7547 | D:9      | Noticed Erolcha
  7570 | D:9      | Killed Erolcha
  7583 | D:9      | Reached *** piety under Makhleb
  7587 | D:9      | Killed a tengu warrior
  7588 | D:9      | Reached XP level 11. HP: 75/104 MP: 9/9
  7652 | D:9      | Noticed a two-headed ogre
  7664 | D:9      | Killed a two-headed ogre
  7680 | D:9      | Found an ancient bone altar of Kikubaaqudgha.
  8209 | D:10     | Entered Level 10 of the Dungeon
  8221 | D:10     | Reached skill level 9 in Fighting
  8265 | D:10     | Found a portal to a secret trove of treasure.
  8664 | D:10     | Found a staircase to the Orcish Mines.
  8690 | D:10     | Reached **** piety under Makhleb
  8848 | D:10     | Found a flagged portal.
  8875 | Bailey   | Entered a bailey
  8954 | D:11     | Killed a two-headed ogre
  8986 | D:11     | Noticed Snorg
  9003 | D:11     | Found a gate leading to a gauntlet.
  9008 | Gauntlet | Entered a Gauntlet
  9008 | Gauntlet | Found a transporter.
  9008 | Gauntlet | Found a transporter.
  9008 | Gauntlet | Noticed a catoblepas
  9009 | Gauntlet | Found a transporter.
  9011 | Gauntlet | Found a transporter.
  9012 | Gauntlet | Found a transporter.
  9022 | Gauntlet | Found a transporter.
  9022 | Gauntlet | Noticed a hell beast
  9028 | Gauntlet | Found a transporter.
  9030 | Gauntlet | Noticed an oklob plant
  9035 | Gauntlet | Found a transporter.
  9043 | Gauntlet | Found a transporter.
  9060 | Gauntlet | Found a transporter.
  9068 | Gauntlet | Found a transporter.
  9071 | Gauntlet | Noticed a death scarab
  9085 | Gauntlet | Found a transporter.
  9232 | Gauntlet | Killed a death scarab
  9340 | Gauntlet | Noticed a minotaur
  9354 | Gauntlet | Killed a minotaur
  9366 | Gauntlet | Got a crystal mace
  9367 | Gauntlet | Identified the +7 mace of the Big Bang {elec, Will+ Stlth+}
                  | (You found it in a Gauntlet)
  9482 | D:11     | Reached ***** piety under Makhleb
  9518 | D:11     | Reached XP level 12. HP: 114/114 MP: 10/10
  9810 | D:11     | Noticed a two-headed ogre
  9824 | D:11     | Killed a two-headed ogre
  9859 | D:11     | Found a staircase to the Lair.
  9981 | D:11     | Found a shimmering altar of Xom.
 10075 | D:11     | Noticed Urug
 10087 | D:11     | Killed Urug
 10536 | Lair:1   | Entered Level 1 of the Lair of Beasts
 10544 | Lair:1   | Reached skill level 10 in Fighting
 10792 | Lair:1   | Noticed a four-headed hydra
 10807 | Lair:1   | Killed a four-headed hydra
 10901 | Lair:1   | Reached skill level 11 in Fighting
 11314 | Lair:2   | Found a staircase to the Swamp.
 11546 | Lair:2   | Reached XP level 13. HP: 127/127 MP: 10/10
 12183 | Lair:3   | Found a broken altar of Ashenzari.
 12229 | Lair:3   | Reached skill level 15 in Axes
 12368 | Lair:3   | Reached ****** piety under Makhleb
 12369 | Lair:3   | Found a staircase to the Snake Pit.
 12446 | Lair:3   | Noticed Sonja
 12447 | Lair:3   | Noticed Sonja
 12447 | Lair:3   | Sonja changed into Sonja the rime drake
 12452 | Lair:3   | Killed Sonja the rime drake
 12910 | Lair:4   | Reached skill level 12 in Fighting
 13138 | Lair:4   | Reached skill level 13 in Fighting
 13192 | Lair:4   | Noticed Josephine
 13202 | Lair:4   | Killed Josephine
 13211 | Lair:4   | Gained mutation: You resist negative energy. (rN+) [Deep
                  | Dwarf growth]
 13211 | Lair:4   | Reached XP level 14. HP: 141/141 MP: 11/11
 13274 | Lair:4   | Found a runed translucent door.
 13281 | Lair:4   | Noticed gregwegmann's ghost (journeyman DrCj)
 13871 | Lair:5   | Reached skill level 10 in Armour
 14570 | Lair:5   | Reached skill level 10 in Shields
 14834 | Lair:6   | Entered Level 6 of the Lair of Beasts
 15581 | Lair:6   | Found the +10 morningstar "Eos" {elec, Halo rElec}
 16170 | Orc:1    | Entered Level 1 of the Orcish Mines
 16170 | Orc:1    | Noticed an orc warlord
 16189 | Orc:1    | Killed an orc warlord
 16304 | Orc:2    | Entered Level 2 of the Orcish Mines
 16433 | Orc:2    | Found Titz's Magic Scroll Emporium.
 16433 | Orc:2    | Found Litakik's Antique Weapon Shop.
 16451 | Orc:2    | Reached skill level 14 in Fighting
 16458 | Orc:2    | Bought a scroll of blinking for 105 gold pieces
 16504 | Orc:2    | Found a roughly hewn altar of Beogh.
 16517 | Orc:2    | Found Varryoty's Assorted Antiques.
 16534 | Orc:2    | Found Kess's Armour Shop.
 16540 | Orc:2    | Reached XP level 15. HP: 149/151 MP: 12/12
 16645 | Orc:2    | Found a runed translucent door.
 16645 | Orc:2    | Noticed FromAuschwitzToAshes's ghost (journeyman DgWn)
 16692 | Orc:2    | Found a staircase to the Elven Halls.
 16859 | Orc:2    | Found a roughly hewn altar of Beogh.
 16941 | Orc:2    | Noticed Maurice
 16951 | Orc:2    | Killed Maurice
 17086 | Orc:1    | Noticed Fannar
 17101 | Orc:1    | Killed Fannar
 17105 | Orc:1    | Found Kuij's Armour Emporium.
 17595 | D:11     | Found a staircase to the Lair.
 17657 | D:11     | Found a shimmering altar of Xom.
 17898 | D:11     | Killed Snorg
 17934 | D:9      | Killed Maggie
 18094 | D:12     | Found a shadowy altar of Dithmenos.
 18304 | D:12     | Reached skill level 10 in Dodging
 18391 | D:12     | Identified Uroyv Ixtu's Incunabulum of Displacement and
                  | Contamination
 19150 | D:13     | Found a gate to the Vaults.
 20404 | D:15     | Entered Level 15 of the Dungeon
 20990 | D:15     | Found a staircase to the Depths.
 21390 | Snake:1  | Entered Level 1 of the Snake Pit
 21660 | Snake:1  | Reached skill level 15 in Fighting
 21692 | Snake:1  | Reached XP level 16. HP: 57/163 MP: 13/13
 21726 | Snake:1  | Identified a scroll of acquirement {!r}
 21727 | Snake:1  | Acquired the +7 tower shield "Seihi" {Rampage rCorr MP-9}
 22193 | Snake:1  | Found a large runed translucent door.
 22193 | Snake:1  | Found a large runed translucent door.
 22293 | Snake:1  | Noticed Harukh's ghost (adept FoAK)
 23279 | Snake:2  | Found a frozen archway.
 23286 | IceCv    | Entered an ice cave
 23425 | IceCv    | Reached skill level 16 in Fighting
 23594 | IceCv    | Noticed an Ice Fiend
 23603 | IceCv    | Killed an Ice Fiend
 23618 | IceCv    | Got a fine broad axe
 23618 | IceCv    | Identified the +8 broad axe of Ymisegg {distort, rPois
                  | Str-4 Dex+5} (You found it in an ice cave)
 23961 | Snake:3  | Found Ociryim's General Store.
 24264 | Snake:3  | Reached XP level 17. HP: 167/172 MP: 3/12
 24884 | Snake:4  | Entered Level 4 of the Snake Pit
 25206 | Snake:4  | Reached skill level 17 in Fighting
 25292 | Snake:4  | Got a serpentine rune of Zot
 25581 | Snake:4  | Upgraded the game from 0.27-a0-346-ga689d4a613 to
                  | 0.27-a0-366-g8badd94918
 25741 | Lair:4   | Banished gregwegmann's ghost
 25912 | Lair:6   | Found a staircase to the Slime Pits.
 26114 | Snake:1  | Banished Harukh's ghost
 26443 | Orc:2    | Banished FromAuschwitzToAshes's ghost
 26711 | Depths:1 | Entered Level 1 of the Depths
 26711 | Depths:1 | Found a one-way gate to the infinite horrors of the Abyss.
 26711 | Depths:1 | Found Xiteguagh's Jewellery Shoppe.
 26715 | Depths:1 | Noticed a tentacled monstrosity
 26731 | Depths:1 | Reached skill level 18 in Fighting
 26731 | Depths:1 | Reached skill level 1 in Maces & Flails
 26738 | Depths:1 | Killed a tentacled monstrosity
 26763 | Depths:1 | Gained mutation: You passively map a large area around you.
                  | [Deep Dwarf growth]
 26763 | Depths:1 | Reached XP level 18. HP: 173/188 MP: 4/13
 26789 | Depths:1 | Found Dier's Armour Boutique.
 26835 | Depths:1 | Found a runed translucent gate.
 26836 | Depths:1 | Found a runed translucent gate.
 26836 | Depths:1 | Found a runed translucent gate.
 26836 | Depths:1 | Noticed a tentacled monstrosity
 26838 | Depths:1 | Noticed a tentacled monstrosity
 26838 | Depths:1 | Noticed a tentacled monstrosity
 26838 | Depths:1 | Noticed a tentacled monstrosity
 26838 | Depths:1 | Noticed a tentacled monstrosity
 26963 | Depths:1 | Paralysed by a floating eye for 3 turns
 27187 | Depths:1 | Found a gateway to Hell.
 27277 | Depths:1 | Noticed a lich
 27291 | Depths:1 | Killed a lich
 27350 | Depths:1 | Found the +8 glaive of the Guard {elec, spectral, AC+5}
 27538 | Depths:1 | Killed a tentacled monstrosity
 27539 | Depths:1 | Banished a tentacled monstrosity
 27559 | Depths:1 | Killed a tentacled monstrosity
 27574 | Depths:1 | Banished a tentacled monstrosity
 27596 | Depths:1 | Found a runed translucent gate.
 27596 | Depths:1 | Found a runed translucent gate.
 27599 | Depths:1 | Found a runed translucent gate.
 27602 | Depths:1 | Killed a tentacled monstrosity
 27614 | Depths:1 | Noticed Xoleat's ghost (adept NaFi)
 28051 | Depths:2 | Reached skill level 19 in Fighting
 28078 | Depths:2 | Reached XP level 19. HP: 199/199 MP: 5/14
 28318 | Depths:3 | Found Ycuykk's Book Shop.
 28328 | Depths:3 | Found Bewneq's Jewellery Shoppe.
 28329 | Depths:3 | Found Ykhamilo's Book Shop.
 28869 | Depths:3 | Got the ring of Suspicion {Fire}
 28875 | Depths:3 | Identified the ring of Suspicion {Fire +Fly rElec rN+
                  | Will+} (You found it on level 3 of the Depths)
 29155 | Depths:3 | Found a one-way gate leading to the halls of Pandemonium.
 29305 | Depths:3 | Noticed Sojobo
 29321 | Depths:3 | Reached skill level 20 in Fighting
 29338 | Depths:3 | Killed Sojobo
 29593 | Depths:4 | Noticed Jory
 29601 | Depths:4 | Found a broken altar of Ashenzari.
 29610 | Depths:4 | Banished Jory
 29699 | Depths:4 | Noticed a golden dragon
 29709 | Depths:4 | Noticed a golden dragon
 29739 | Depths:4 | Killed a golden dragon
 29741 | Depths:4 | Banished a golden dragon
 29933 | Depths:4 | Reached XP level 20. HP: 77/213 MP: 6/15
 30462 | Depths:4 | Reached skill level 21 in Fighting
 30572 | Depths:4 | Reached skill level 15 in Armour
 30603 | Depths:4 | Paralysed by a floating eye for 3 turns
 30622 | Depths:4 | Paralysed by a floating eye for 2 turns
 30647 | Depths:4 | Paralysed by a floating eye for 2 turns
 30764 | Depths:4 | Noticed a juggernaut
 30781 | Depths:4 | Killed a juggernaut
 31177 | Vaults:1 | Entered Level 1 of the Vaults
 31245 | Vaults:1 | Reached skill level 15 in Shields
 31327 | Vaults:1 | Found Rautwawk's Antique Armour Shoppe.
 31354 | Vaults:1 | Reached skill level 10 in Evocations
 32088 | Vaults:1 | Reached XP level 21. HP: 223/223 MP: 7/16
 32117 | Vaults:1 | Gained mutation: Your magical capacity is low. (-10% MP)
                  | [mutagenic glow]
 32780 | Vaults:2 | Noticed Xtahua
 32797 | Vaults:2 | Killed Xtahua
 32934 | Vaults:2 | Noticed Mennas
 32965 | Vaults:2 | Killed Mennas
 32966 | Vaults:2 | Reached skill level 15 in Dodging
 33257 | Vaults:2 | Found Liddair's Armour Emporium.
 34245 | Vaults:3 | Found the +5 robe of Misfortune {*Contam Harm *Corrode
                  | *Drain *Slow EV+5}
 34274 | Vaults:3 | Found a staircase to the Crypt.
 34664 | Vaults:3 | Found Bazeif's Distillery.
 34966 | Vaults:4 | Reached XP level 22. HP: 201/232 MP: 5/14
 35039 | Vaults:4 | Reached skill level 15 in Evocations
 36547 | Orc:2    | Bought a scroll of immolation for 49 gold pieces
 37198 | Vaults:5 | Entered Level 5 of the Vaults
 37199 | Vaults:5 | Noticed an ancient lich
 37203 | Vaults:5 | Killed an ancient lich
 37209 | Vaults:5 | Noticed a golden dragon
 37215 | Vaults:5 | Killed a golden dragon
 37240 | Vaults:5 | Noticed an ancient lich
 37242 | Vaults:5 | Noticed Mara
 37284 | Vaults:4 | Killed from afar by an ancient lich

Illustrated notes

Levels and vault maps discovered:
D:1:      kennysheep_arrival_seaside, layout_basic
D:2:      layout_loops_corners, grunt_temple_overflow_forces_of_nature,
          nicolae_underground_beach
D:3:      layout_loops_corners, general_overflow_altar,
          nicolae_gozag_seed_capital, uniq_purgy
D:4:      layout_gridville, serial_shops, shop, uniq_menkaure
D:5:      layout_basic, basic_altar
D:6:      layout_loops_cross, minmay_temple_entry_mini_moons
D:7:      layout_loops_ring, grunt_temple_overflow_cloverleaf
D:8:      layout_basic, serial_shops, shop, uniq_erica
D:9:      layout_basic, basic_altar, minmay_shattered_shrine, uniq_maggie,
          uniq_erolcha
D:10:     layout_rooms, hiddenorc2_lemuel, enter_bailey_4,
          nicolae_trove_entry_crossroad
D:11:     layout_basic, david_lair_generic, gauntlet_entry_generic,
          xom_confusion_cloud, uniq_urug, uniq_snorg
D:12:     cheibrodos_lost_city_excavation, layout_loops_ring,
          serial_co_window_serial, co_window_paths_b, co_window_corner_a,
          co_window_of_opportunity_a, co_window_of_opportunity_a,
          co_window_corner_a, co_window_corner_ca, co_window_of_opportunity_b,
          co_window_broadway_a, co_window_corner_ca, glass_columns_a,
          glass_columns_a, glass_columns_b, glass_columns_a, glass_columns_c,
          nicolae_dithmenos_shadow_blocks
D:13:     layout_cross
D:14:     layout_basic
D:15:     grunt_enter_depths_hoard, layout_loops_cross, nrook_campfire,
          hangedman_decor_clover_reticule
Temple:   minmay_temple_curvy_branch
Lair:1:   layout_cave_pods, beast_lair_carwin_7
Lair:2:   layout_hall_layers, skrybe_swamp_entry_bodies, lemuel_fruit_tree
Lair:3:   layout_roguey, guppyfry_snake_entry_island, basic_altar,
          kennysheep_abandoned_house, uniq_sonja
Lair:4:   layout_roguey, ebering_ghost_inner_flame, uniq_josephine
Lair:5:   layout_layer_cave, nzn_random_ring
Lair:6:   grunt_lair_end_beastmaster, layout_cave_pods,
          minmay_slime_entry_oklob_enclosed
Snake:1:  layout_layer_cave, ebering_ghost_disaster_area, serial_bayou_lagoon_a,
          dpeg_stationary_puzzle
Snake:2:  layout_cave_pods, portal_ice_cave_entry_dragon
Snake:3:  layout_gridlike, serial_shops, shop, grunt_ministairs_13,
          nicolae_snake_single_loop, drop_trap, hangedman_snake_corridor_split
Snake:4:  snake_pit, layout_grid_shapes
Orc:1:    layout_diamond_mine, serial_shops, nicolae_shop_window_shopping,
          uniq_fannar
Orc:2:    st_orc_town, layout_diamond_mine, gammafunk_ghost_grave,
          nicolae_orc_lost_temple, uniq_maurice
Vaults:1: v_misc_2, v_misc_15, v_misc_4, hangedman_vaults_snaps,
          dpeg_vaults_monster_row, ontoclasm_vaults_eye, v_misc_26,
          nicolae_vaults_angled_halls, vaults_room_pool, vaults_dpeg_hooks,
          vaults_dpeg_diagonal, ontoclasm_vaults_idyll, layout_vaults_quadrants,
          serial_shops, shop
Vaults:2: nicolae_vaults_holding_cells, hangedman_vaults_impose,
          ontoclasm_vaults_ring_square, hangedman_vaults_nodes,
          vaults_room_door_hall, vaults_room_stairs_pillars,
          nicolae_vaults_big_angled_halls, v_misc_16, nicolae_vaults_gold_heap,
          ontoclasm_vaults_tryst, nicolae_vaults_network_square,
          nicolae_vaults_little_squares_2, nicolae_vaults_stairing_the_circle,
          layout_vaults_maze, serial_shops, shop, uniq_mennas, uniq_xtahua
Vaults:3: nicolae_vaults_angled_halls, minmay_crypt_entry_simple_statues,
          vaults_mumra_hexcomb, v_pattern_4, vaults_room_corners, v_rooms_3,
          nicolae_vaults_little_squares_6, nicolae_vaults_shelves_hall,
          layout_vaults_big_room, serial_shops, nicolae_shop_statue_plus
Vaults:4: nicolae_vaults_circle_grid_a, nicolae_vaults_triangles,
          vaults_room_stairs_pillars, ontoclasm_vaults_fault, v_pattern_1,
          v_misc_1, ontoclasm_vaults_loading_screen, v_misc_27,
          nicolae_vaults_border_crossing, layout_vaults_ring
Vaults:5: serial_shops, uniq_margery, uniq_mara
Depths:1: minmay_guarded_unrand_guard, layout_cave_shapes,
          ploomutoo_gammafunk_ghost_potion_laboratory, serial_shops,
          shop_statue, shop_fountains, abyss_entry, grunt_hell_horde,
          serial_sigils_hangedman_shear, hangedman_eye_storm,
          serial_bayou_shore_a
Depths:2: kennysheep_blocky_hall, layout_small_grid, hangedman_geh_valley,
          abyss_entry, infiniplex_staircase_pool_lava
Depths:3: kennysheep_scales, layout_gridlike, minmay_misc_feat_hallway,
          pan_entry, hellmouth_1, infiniplex_staircase_river, minmay_shop_grove,
          uniq_sojobo
Depths:4: minmay_tearing_corner, layout_basic, evilmike_ruin_ashenzari,
          hangedman_tar_grid_catacomb, abyss_entry, minmay_misc_feat_tower,
          kilobyte_rumbling_trees, uniq_jory

Skill      XL: |  1  2  3  4  5  6  7  8  9 10 11 12 13 14 15 16 17 18 19 20 21 22 |
---------------+-------------------------------------------------------------------+-----
Axes           | 3 4 5 6 7 9 10 11 12 13 14 15 16 17 18 | 18.0
Fighting       | 3 4 5 6 7 8 9 11 13 14 15 16 18 19 20 21 | 21.4
Armour         | 5 6 7 9 10 11 12 14 15 16 | 16.0
Dodging        | 3 4 5 6 7 8 9 10 12 13 14 16 17 | 17.0
Shields        | 4 5 6 7 8 10 11 12 14 15 16 | 16.0
Evocations     | 3 5 7 9 12 14 17 | 17.0
Invocations    | 5 6 |  6.0
Maces & Flails | 1 |  1.1

Action                   |  1- 3 |  4- 6 |  7- 9 | 10-12 | 13-15 | 16-18 | 19-21 | 22-24 || total
-------------------------+-------+-------+-------+-------+-------+-------+-------+-------++-------
Melee: War axe           |   117 |   185 |   169 |       |       |       |       |       ||   471
       Hand axe          |       |       |   216 |   599 |       |       |       |       ||   815
       Mace              |       |       |       |    14 |    52 |       |       |       ||    66
       Broad axe         |       |       |       |    92 |   988 |   978 |  1422 |   241 ||  3721
Invok: Lesser Servant of |       |       |       |       |       |     1 |       |       ||     1
       Greater Servant o |       |       |       |       |       |       |     2 |       ||     2
 Abil: Heal Wounds       |     1 |     5 |     8 |    16 |       |     4 |     3 |       ||    37
Evoke: Wand              |       |     4 |     4 |    12 |     1 |       |     5 |       ||    26
  Use: Scroll            |     3 |     4 |     4 |    15 |     8 |     9 |     2 |     1 ||    46
       Potion            |       |     1 |       |     1 |     1 |     1 |     2 |     3 ||     9
 Stab: Petrified         |       |       |       |       |     3 |       |       |       ||     3
       Petrifying        |       |       |       |       |     2 |       |       |       ||     2
       Distracted        |       |       |       |       |       |       |     1 |       ||     1
Armor: Scale mail        |    21 |       |       |       |       |       |       |       ||    21
       Chain mail        |    46 |   118 |    25 |       |       |       |       |       ||   189
       Plate armour      |       |       |   153 |   271 |   473 |   360 |   403 |    70 ||  1730
Dodge: Dodged            |    31 |    42 |    66 |   154 |   401 |   281 |   279 |    51 ||  1305
Block: Kite shield       |    74 |   120 |   226 |   416 |   822 |     3 |       |       ||  1661
       Tower shield      |       |       |       |       |       |  1410 |  1455 |   268 ||  3133

Table legend: (Time is in decaauts)
 A = Elapsed time spent in this place.
 B = Non-inter-level travel time spent in this place.
 C = Inter-level travel time spent in this place.
 D = Time resting spent in this place.
 E = Time spent auto-exploring this place.
 F = Levels seen in this place.
 G = Mean time per level.
                   A        B        C        D        E       F      G
               +--------+--------+--------+--------+--------+-----+--------+
         Total |  37271 |  33101 |   4170 |    106 |  23803 |  40 |  931.8 |
       Dungeon |  14730 |  13165 |   1565 |     14 |   9909 |  15 |  982.0 |
        Temple |    129 |    108 |     21 |      0 |     97 |   1 |  129.0 |
          Lair |   6435 |   5420 |   1015 |      0 |   4324 |   6 | 1072.5 |
     Snake Pit |   4238 |   3728 |    510 |     11 |   2707 |   4 | 1059.5 |
  Orcish Mines |   1530 |   1250 |    280 |      5 |    887 |   2 |  765.0 |
        Vaults |   5051 |   4601 |    450 |     33 |   3083 |   5 | 1010.2 |
        Depths |   4399 |   4072 |    327 |     12 |   2600 |   4 | 1099.8 |
        Bailey |      2 |      2 |      0 |      0 |      0 |   1 |    2.0 |
      Ice Cave |    398 |    398 |      0 |      0 |     25 |   1 |  398.0 |
      Gauntlet |    353 |    353 |      0 |     29 |    169 |   1 |  353.0 |
               +--------+--------+--------+--------+--------+-----+--------+

Top non-repeatable levels by time:
    D:11: 1751 daAuts
Vaults:1: 1632 daAuts
 Snake:1: 1594 daAuts
Depths:4: 1497 daAuts
  Lair:6: 1276 daAuts
Vaults:2: 1274 daAuts
Depths:3: 1268 daAuts
  Lair:5: 1215 daAuts
Vaults:4: 1176 daAuts
    D:12: 1175 daAuts
    D:15: 1119 daAuts
  Lair:4: 1098 daAuts
     D:9: 1085 daAuts
     D:1: 1041 daAuts
  Lair:2: 1040 daAuts
